 Dungeon Crawl Stone Soup version 0.29-a0-582-ge82337ba6a (webtiles) character file.

Game seed: 8127032824630441169

157 zeratav the Cutter (level 5, -3/30 HPs)
             Began as a Kobold Gladiator on June 14, 2022.
             Slain by Crazy Yiuf
             ... wielding a +3 quarterstaff of chaos
              (11 damage)
             ... on level 2 of the Dungeon.
             The game lasted 00:03:49 (2347 turns).

zeratav the Cutter (Kobold Gladiator)               Turns: 2347, Time: 00:03:49

Health: -3/30      AC:  4    Str: 11    XL:     5   Next: 66%
Magic:  3/5        EV: 15    Int:  9    God:
Gold:   147        SH:  0    Dex: 19    Spells: 4/4 levels left

rFire   . . .      SeeInvis .   a - +0 rapier {short}
rCold   . . .      Faith    .   (no shield)
rNeg    . . .      Spirit   .   b - +0 leather armour
rPois   .          Reflect  .   c - +0 helmet
rElec   .          Harm     .   (no cloak)
rCorr   .          Rampage  .   (no gloves)
Will    .....                   (no boots)
Stlth   ++........              (no amulet)
HPRegen 0.10/turn               (no ring)
MPRegen 0.09/turn               (no ring)

@: no status effects
A: small, no large weapons, nightstalker 3
a: no special abilities


You were on level 2 of the Dungeon.
You visited 1 branch of the dungeon, and saw 2 of its levels.

You collected 147 gold pieces.


Innate Abilities, Weirdness & Mutations

You are small and have problems with some larger weapons.
You are completely attuned to the shadows.


   Skills:
 - Level 2.1 Fighting
 + Level 7.8 Short Blades
 - Level 2.1 Throwing
 - Level 3.6 Dodging


You had 4 spell levels left.
You didn't know any spells.
Your spell library contained the following spells:

 Spells                   Type           Power      Damage    Failure   Level
 Summon Small Mammal      Summ           0%         N/A       47%         1
 Call Canine Familiar     Summ           0%         N/A       85%         3
 Summon Guardian Golem    Hex/Summ       0%         N/A       85%         3

Inventory:

Hand Weapons
 a - a +0 rapier (weapon) {short}
 k - a +4 mace of protection {mace}
   (You found it on level 2 of the Dungeon)
Missiles
 e - 2 boomerangs (quivered) {throwing}
 f - 2 poisoned darts {throwing}
Armour
 b - a +0 leather armour (worn)
 c - a +0 helmet (worn)
 d - a +0 ring mail
   (You took it off an orc on level 2 of the Dungeon)
 p - a +0 ring mail
   (You found it on level 2 of the Dungeon)
Wands
 q - a wand of digging (2)
   (You took it off Natasha on level 2 of the Dungeon)
Scrolls
 g - a scroll of blinking {unknown}
 h - 2 scrolls of poison {unknown}
 i - a scroll of teleportation {unknown}
 j - a scroll of immolation {unknown}
 l - a scroll of silence {unknown}
 m - 7 scrolls of identify {unknown}
 n - a scroll of summoning {unknown}
Potions
 r - a potion of magic {unknown}

Dungeon Overview and Level Annotations

Branches:
Dungeon (2/15)

Altars:

Annotations:
D:2 Crazy Yiuf

##### .≈..######♣♣♣♣♣
#≈..##......♣.♣♣♣ ##
#≈.....).....♣..♣#...
#≈.≈.....)..♣♣♣♣@g..(
#≈...#.....♣♣ ♣♣#..)
#≈..(..###♣♣ ##
######### #≈..##.#
#........ ##..##.#
#.######.
##..##.########## #.#
#. ................#
#.# #.
....##(....)..### #.#
#. ..............#
#.# #.


You could see Crazy Yiuf.


Message History

You are too injured to fight recklessly!
You are too injured to fight recklessly!
You are too injured to fight recklessly!
You hit Natasha.
You kill Natasha!
You feel Natasha's spirit has finally been put to rest.
q - a wand of digging (2)
You start resting.
HP[+12]
Your hp is fully restored (30).
Okay, then.
You see here 25 stones {throwing}.
Crazy Yiuf shouts!
You see here the felid skeleton of Natasha.
You see here a +0 whip {mace}.
r - a pink potion You enter the shallow water.
Moving in this stuff is going to be slow.
A rat comes into view.
A rat is nearby!
You puncture the rat!
You kill the rat!
No target in view!
No target in view!
No target in view!
No target in view!
No target in view!
No target in view!
No target in view!
No target in view!
No target in view!
No target in view!
You enter the shallow water.
Moving in this stuff is going to be slow.
You enter the shallow water.
Moving in this stuff is going to be slow.
You enter the shallow water.
Moving in this stuff is going to be slow.
You enter the shallow water.
Moving in this stuff is going to be slow.
You see here a +0 whip {mace}.
You enter the shallow water.
Moving in this stuff is going to be slow.
You enter the shallow water.
Moving in this stuff is going to be slow.
There is a stone staircase leading up here.
You see here a +0 dagger {short}.
Items here: ( )) [[.
You enter the shallow water.
Moving in this stuff is going to be slow.
Items here: ( )) [[.
You see here a +0 dagger {short}.
There is a stone staircase leading up here.
You see here a +0 hand axe {axe}.
Crazy Yiuf shouts!
No reachable target in view!
You open the door.
Crazy Yiuf zaps a wand.
The puff of flame hits you!
HP[-9]
You take 9 damage, and now have 21/30 hp.
MASSIVE DAMAGE!! (PAUSE) Throw: throwing net {=fthrowing}
Press: ? - help, Q - select action, (/) - cycle Shift-Dir - straight line, f - Crazy Yiuf
Aim: Crazy Yiuf, wielding a +3 quarterstaff of chaos, wearing a +2 cloak and carrying a wand of flame (15) (66% to hit)
You throw a throwing net {=fthrowing}.
The throwing net {=fthrowing} closely misses Crazy Yiuf.
You hit Crazy Yiuf.
Crazy Yiuf grits, "Gum leg dark!"
Crazy Yiuf misses you.
You barely miss Crazy Yiuf.
Crazy Yiuf zaps a wand.
The puff of flame hits you.
HP[-5]
You take 5 damage, and now have 16/30 hp.
You hit Crazy Yiuf but do no damage.
Crazy Yiuf says, "Aardvark!
Sif Muna green meccalolo."
Crazy Yiuf closely misses you.
You barely miss Crazy Yiuf.
HP[+1]
You barely miss Crazy Yiuf.
Crazy Yiuf zaps a wand.
The puff of flame misses you.
You barely miss Crazy Yiuf.
Crazy Yiuf hits you with a +3 quarterstaff of chaos!
* * * LOW HITPOINT WARNING * * *
You feel your power leaking away.
HP[-9] MP[-2]
You take 9 damage, and now have 8/30 hp.
MASSIVE DAMAGE!! (PAUSE)
You lost 2 mp, and now have 3/5 mp.
You hit Crazy Yiuf. Crazy Yiuf closely misses you.
You hit Crazy Yiuf but do no damage.
Crazy Yiuf zaps a wand.
The puff of flame misses you.
You hit Crazy Yiuf. Crazy Yiuf completely misses you.
You hit Crazy Yiuf. You puncture Crazy Yiuf!
Crazy Yiuf hits you with a +3 quarterstaff of chaos!
You die...

Skill      XL: |  1  2  3  4 |
---------------+-------------+-----
Short Blades   | 5 6 7 |  7.8
Fighting       | |  2.1
Throwing       | |  2.1
Dodging        | |  3.6

Action                   |  1- 3 |  4- 6 || total
-------------------------+-------+-------++-------
Melee: Rapier            |    68 |    41 ||   109
       Punch             |     1 |       ||     1
Throw: Throwing net      |     2 |     2 ||     4
       Boomerang         |       |     1 ||     1
 Stab: Sleeping          |     5 |     4 ||     9
Armor: Leather armour    |    12 |     2 ||    14
Dodge: Dodged            |    38 |    17 ||    55

Levels and vault maps discovered:
D:1:      psy_arrival_terrarium, layout_basic, chequers_serial_rivers_small_b,
          chequers_serial_rivers_small_b
D:2:      layout_loops_ring, serial_rivers, chequers_serial_rivers_large_a,
          chequers_serial_rivers_micro_a, chequers_serial_rivers_micro_b,
          chequers_serial_rivers_micro_e, hex_tiny, uniq_natasha,
          uniq_crazy_yiuf_cottage

Notes
Turn   | Place    | Note
-------+----------+-------------------------------------------
     0 | D:1      | zeratav the Kobold Gladiator began the quest for the Orb.
     0 | D:1      | Reached XP level 1. HP: 12/12 MP: 1/1
     0 | D:1      | magus.rc [v1.9.6]
   114 | D:1      | HP: 1/12 [hobgoblin (4)]
   125 | D:1      | Reached XP level 2. HP: 2/17 MP: 2/2
   581 | D:1      | Reached skill level 5 in Short Blades
   733 | D:1      | Reached XP level 3. HP: 21/21 MP: 3/3
  1120 | D:2      | You pick up a book of Callings and begin reading...
  1120 | D:2      | You add the spells Summon Small Mammal, Call Canine
                  | Familiar and Summon Guardian Golem to your library.
  1248 | D:2      | Reached skill level 6 in Short Blades
  1248 | D:2      | Reached XP level 4. HP: 16/26 MP: 4/4
  1680 | D:2      | Noticed Natasha
  1684 | D:2      | Killed Natasha
  1685 | D:2      | Reached skill level 7 in Short Blades
  1685 | D:2      | Reached XP level 5. HP: 28/30 MP: 5/5
  1768 | D:2      | Noticed Natasha
  1774 | D:2      | Killed Natasha
  1829 | D:2      | Noticed Natasha
  1839 | D:2      | Killed Natasha
  1999 | D:2      | Found a runed translucent door.
  2002 | D:2      | Noticed Crazy Yiuf
  2347 | D:2      | Slain by Crazy Yiuf

Vanquished Creatures
  A hound (D:2)
  Natasha (thrice) (D:2)
  An adder (D:2)
  An orc (D:2)
  7 ball pythons
  A bat (D:1)
  4 endoplasms
  A giant cockroach (D:1)
  6 goblins
  3 hobgoblins (D:1)
  4 kobolds
  4 frilled lizards
  6 rats
42 creatures vanquished.

Table legend:
 A = Non-vault XP
 B = Vault XP
 C = Vault XP percentage of total XP
 D = Non-vault monster count
 E = Vault monster count
 F = Vault count percentage of total count
                 A         B        C        D         E       F
            +---------+---------+-------+---------+---------+-------
      Total |     189 |      36 |  16.0 |      41 |       1 |   2.4
            +---------+---------+-------+---------+---------+-------
        D:1 |      34 |       0 |   0.0 |      21 |       0 |   0.0
        D:2 |     155 |      36 |  18.8 |      20 |       1 |   4.8
            +---------+---------+-------+---------+---------+-------

Illustrated notes

Table legend:
 A = Kills in this place as a percentage of kills in entire the game.
 B = Kills by you in this place as a percentage of kills by you in the entire game.
 C = Kills by friends in this place as a percentage of kills by friends in the entire game.
 D = Other kills in this place as a percentage of other kills in the entire game.
 E = Experience gained in this place as a percentage of experience gained in the entire game.
 F = Experience gained in this place divided by the number of levels of this place that you have seen.
                   A       B       C       D       E      F
               +-------+-------+-------+-------+-------+----------------------
         Total | 100.0 | 100.0 |   N/A |   N/A | 100.0 | 112.5
       Dungeon | 100.0 | 100.0 |   N/A |   N/A | 100.0 | 112.5
               +-------+-------+-------+-------+-------+----------------------

Table legend: (Time is in decaauts)
 A = Elapsed time spent in this place.
 B = Non-inter-level travel time spent in this place.
 C = Inter-level travel time spent in this place.
 D = Time resting spent in this place.
 E = Time spent auto-exploring this place.
 F = Levels seen in this place.
 G = Mean time per level.
                   A        B        C        D        E       F      G
               +--------+--------+--------+--------+--------+-----+--------+
         Total |   2358 |   2341 |     17 |    569 |   1493 |   2 | 1179.0 |
       Dungeon |   2358 |   2341 |     17 |    569 |   1493 |   2 | 1179.0 |
               +--------+--------+--------+--------+--------+-----+--------+

Top non-repeatable levels by time:
     D:2: 1457 daAuts
     D:1: 900 daAuts
